| TOP OF THE 1ST |
|
Southern Maryland Blue Crabs batting - Pitching for Canton Indians : LHP Alec Valencia
|
|
Pitching: LHP Alec Valencia
|
|
|
Batting: RHB Danny Baeza
|
0-0: Ball 1-0: Called Strike 1-1: DOUBLE (Line Drive, 9LM, EV 103.1 MPH)
|
|
Batting: RHB Ben Sutton
|
0-0: Foul Ball, location: 2F 0-1: Swinging Strike 0-2: Foul Ball, location: 2F 0-2: Ball 1-2: Ball 2-2: Ball 3-2: Base on Balls
|
|
Batting: RHB Daniel Jackson
|
0-0: Ball 1-0: DOUBLE (Line Drive, 89D, EV 115.0 MPH) Danny Baeza scores Ben Sutton to third
|
|
Batting: LHB Justin Moore
|
0-0: Ball 1-0: Ball 2-0: Fly out, F6 (Popup, 15S, EV 84.4 MPH)
|
|
Batting: RHB Mike Pitts
|
0-0: Ball 1-0: DOUBLE (Groundball, 3L, EV 108.1 MPH) Ben Sutton scores Daniel Jackson scores
|
|
Batting: RHB Ismael Macedo
|
0-0: 2-RUN HOME RUN (Line Drive, 7D, EV 99.4 MPH), Distance : 401 ft
|
|
Pitching: RHP Howard Allen
|
|
|
Batting: RHB Ray Sims
|
0-0: Called Strike 0-1: Called Strike 0-2: Foul Ball, location: 2F 0-2: Ball 1-2: Strikes out swinging
|
|
Batting: RHB Matt Berrier
|
0-0: Ball 1-0: Swinging Strike 1-1: Ground out U3 (Groundball, 3, EV 88.1 MPH)
|
| Top of the 1st over - 5 runs, 4 hits, 0 errors, 0 left on base; Southern Maryland 5 - Canton 0 |
| BOTTOM OF THE 1ST |
|
Canton Indians batting - Pitching for Southern Maryland Blue Crabs : LHP Jason Williams
|
|
Pitching: LHP Jason Williams
|
|
|
Batting: RHB Jason Roberts
|
0-0: Foul Ball, location: 2F 0-1: Foul Ball, location: 2F 0-2: Ball 1-2: Strikes out swinging
|
|
Batting: LHB Costodio Varino
|
0-0: Foul Ball, location: 2F 0-1: Swinging Strike 0-2: Foul Ball, location: 2F 0-2: Strikes out swinging
|
|
Batting: LHB Dave Key
|
0-0: Called Strike 0-1: Called Strike 0-2: Ball 1-2: Ball 2-2: Strikes out swinging
|
| Bottom of the 1st over - 0 runs, 0 hits, 0 errors, 0 left on base; Southern Maryland 5 - Canton 0 |
| TOP OF THE 2ND |
|
Southern Maryland Blue Crabs batting - Pitching for Canton Indians : RHP Howard Allen
|
|
Batting: LHB Eric Jackson
|
0-0: Ball 1-0: Ball 2-0: Called Strike 2-1: Ball 3-1: Base on Balls
|
|
Batting: RHB Danny Baeza
|
0-0: Ball Eric Jackson steals 2nd base 1-0: Swinging Strike 1-1: Ball 2-1: SINGLE (Line Drive, 3L, EV 94.4 MPH) Eric Jackson to third
|
|
Batting: RHB Ben Sutton
|
0-0: Ball Danny Baeza steals 2nd base 1-0: Called Strike 1-1: 3-RUN HOME RUN (Flyball, 78XD, EV 106.9 MPH), Distance : 417 ft
|
|
Pitching: RHP Chris Cohen
|
|
|
Batting: RHB Daniel Jackson
|
0-0: SINGLE (Line Drive, 8LS, EV 100.6 MPH)
|
|
Batting: LHB Justin Moore
|
0-0: Swinging Strike 0-1: Swinging Strike 0-2: Ball 1-2: Fielders Choice at 2nd, 3-6 (Groundball, 34, EV 110.0 MPH)
|
|
Batting: RHB Mike Pitts
|
0-0: Called Strike 0-1: 2-RUN HOME RUN (Flyball, 7LD, EV 93.8 MPH), Distance : 354 ft
|
|
Batting: RHB Ismael Macedo
|
0-0: Ball 1-0: Foul Ball, location: 2F 1-1: Foul Ball, location: 2F 1-2: Strikes out looking
|
|
Batting: RHB Ray Sims
|
0-0: Foul Ball, location: 2F 0-1: Swinging Strike 0-2: Ground out 6-3 (Groundball, 6, EV 93.1 MPH)
|
| Top of the 2nd over - 5 runs, 4 hits, 0 errors, 0 left on base; Southern Maryland 10 - Canton 0 |
| BOTTOM OF THE 2ND |
|
Canton Indians batting - Pitching for Southern Maryland Blue Crabs : LHP Jason Williams
|
|
Batting: RHB Kevin Trull
|
0-0: Ball 1-0: Foul Ball, location: 2F 1-1: SINGLE (Groundball, 6MD, EV 95.0 MPH)
|
|
Batting: RHB Eric Kuck
|
0-0: Ball 1-0: Ball 2-0: Ball 3-0: Called Strike 3-1: Base on Balls Kevin Trull to second
|
|
Batting: RHB Ricky Butts
|
0-0: Foul Ball, location: 2F 0-1: Foul Ball, location: 2F 0-2: Foul Ball, location: 2F 0-2: Grounds into double play, 5-4-3 (Groundball, 5S, EV 76.9 MPH) Kevin Trull to third
|
|
Batting: RHB Steve Gusman
|
0-0: Ball 1-0: Called Strike 1-1: Ball 2-1: Foul Ball, location: 2F 2-2: Strikes out looking
|
| Bottom of the 2nd over - 0 runs, 1 hit, 0 errors, 1 left on base; Southern Maryland 10 - Canton 0 |
| TOP OF THE 3RD |
|
Southern Maryland Blue Crabs batting - Pitching for Canton Indians : RHP Chris Cohen
|
|
Batting: RHB Matt Berrier
|
0-0: Ground out 6-3 (Groundball, 56, EV 86.9 MPH)
|
|
Batting: LHB Eric Jackson
|
0-0: Called Strike 0-1: Foul Ball, location: 2F 0-2: Ball 1-2: Ball 2-2: Ball 3-2: SINGLE (Groundball, 34D, EV 97.5 MPH)
|
|
Pitching: RHP Terry Sterling
|
|
|
Batting: RHB Danny Baeza
|
0-0: Fly out, F8 (Flyball, 8RS, EV 76.9 MPH)
|
|
Batting: RHB Ben Sutton
|
0-0: Ball 1-0: Foul Ball, location: 2F 1-1: Ground out U3 (Groundball, 13, EV 90.6 MPH)
|
| Top of the 3rd over - 0 runs, 1 hit, 0 errors, 1 left on base; Southern Maryland 10 - Canton 0 |
| BOTTOM OF THE 3RD |
|
Canton Indians batting - Pitching for Southern Maryland Blue Crabs : LHP Jason Williams
|
|
Batting: LHB Justin Eargle
|
0-0: Swinging Strike 0-1: Ground out 4-3 (Groundball, 4, EV 87.5 MPH)
|
|
Batting: RHB Luke Burnham
|
0-0: Swinging Strike 0-1: Foul Ball, location: 2F 0-2: Foul Ball, location: 2F 0-2: Fly out, F7 (Flyball, 7D, EV 94.4 MPH)
|
|
Batting: RHB Jason Roberts
|
0-0: Fly out, F8 (Line Drive, 8LM, EV 91.2 MPH)
|
| Bottom of the 3rd over - 0 runs, 0 hits, 0 errors, 0 left on base; Southern Maryland 10 - Canton 0 |
| TOP OF THE 4TH |
|
Southern Maryland Blue Crabs batting - Pitching for Canton Indians : RHP Terry Sterling
|
|
Batting: RHB Daniel Jackson
|
0-0: Ball 1-0: Ground out 1-3 (Groundball, 25, EV 76.9 MPH)
|
|
Batting: LHB Justin Moore
|
0-0: Hit by Pitch
|
|
Batting: RHB Mike Pitts
|
0-0: Ball 1-0: DOUBLE (Line Drive, 9LS, EV 95.6 MPH) Justin Moore to third
|
|
Batting: RHB Ismael Macedo
|
0-0: Foul Ball, location: 2F 0-1: Ground out 6-3 (Groundball, 6M, EV 80.0 MPH) Justin Moore scores Mike Pitts to third
|
|
Batting: RHB Ray Sims
|
0-0: Foul Ball, location: 2F 0-1: Called Strike 0-2: Ball 1-2: Ground out 5-3 (Groundball, 56S, EV 81.2 MPH)
|
| Top of the 4th over - 1 run, 1 hit, 0 errors, 1 left on base; Southern Maryland 11 - Canton 0 |
| BOTTOM OF THE 4TH |
|
Canton Indians batting - Pitching for Southern Maryland Blue Crabs : LHP Jason Williams
|
|
Batting: LHB Costodio Varino
|
0-0: SOLO HOME RUN (Flyball, 9LD, EV 104.4 MPH), Distance : 383 ft
|
|
Batting: LHB Dave Key
|
0-0: Ball 1-0: SINGLE (Line Drive, 78S, EV 96.9 MPH)
|
|
Batting: RHB Kevin Trull
|
0-0: Called Strike 0-1: Foul Ball, location: 2F 0-2: Ball 1-2: Ball 2-2: Fly out, F8 (Flyball, 78XD, EV 96.2 MPH)
|
|
Batting: RHB Eric Kuck
|
0-0: Ball 1-0: Foul Ball, location: 2F 1-1: Called Strike 1-2: Foul Ball, location: 2F 1-2: Strikes out swinging
|
|
Batting: RHB Ricky Butts
|
0-0: SINGLE (Groundball, 6MD, EV 101.9 MPH) Dave Key to second
|
|
Batting: RHB Steve Gusman
|
0-0: Ball 1-0: Called Strike 1-1: Fly out, F8 (Line Drive, 8LD, EV 90.6 MPH)
|
| Bottom of the 4th over - 1 run, 3 hits, 0 errors, 2 left on base; Southern Maryland 11 - Canton 1 |
| TOP OF THE 5TH |
|
Southern Maryland Blue Crabs batting - Pitching for Canton Indians : RHP Terry Sterling
|
|
Batting: RHB Matt Berrier
|
0-0: Ball 1-0: Ball 2-0: Ball 3-0: Base on Balls
|
|
Pitching: RHP Ian Nordquist
|
|
|
Batting: LHB Eric Jackson
|
0-0: Called Strike 0-1: Foul Ball, location: 2F 0-2: Strikes out looking
|
|
Batting: RHB Danny Baeza
|
0-0: Foul Ball, location: 2F 0-1: Fielders Choice at 2nd, 3-6 (Groundball, 3S, EV 85.6 MPH)
|
|
Batting: RHB Ben Sutton
|
0-0: Ball 1-0: Foul Ball, location: 2F 1-1: Ball 2-1: Foul Ball, location: 2F 2-2: Fly out, F4 (Popup, 4M, EV 71.2 MPH)
|
| Top of the 5th over - 0 runs, 0 hits, 0 errors, 1 left on base; Southern Maryland 11 - Canton 1 |
| BOTTOM OF THE 5TH |
|
Canton Indians batting - Pitching for Southern Maryland Blue Crabs : LHP Jason Williams
|
|
Batting: LHB Justin Eargle
|
0-0: Foul Ball, location: 2F 0-1: Swinging Strike 0-2: Strikes out swinging
|
|
Batting: RHB Luke Burnham
|
0-0: Ball 1-0: Called Strike 1-1: Ball 2-1: Fly out, F3 (Popup, 23F, EV 79.4 MPH)
|
|
Batting: RHB Jason Roberts
|
0-0: Called Strike 0-1: Ground out 6-3 (Groundball, 6M, EV 82.5 MPH)
|
| Bottom of the 5th over - 0 runs, 0 hits, 0 errors, 0 left on base; Southern Maryland 11 - Canton 1 |
| TOP OF THE 6TH |
|
Southern Maryland Blue Crabs batting - Pitching for Canton Indians : RHP Ian Nordquist
|
|
Batting: RHB Daniel Jackson
|
0-0: Called Strike 0-1: Foul Ball, location: 2F 0-2: Ball 1-2: Foul Ball, location: 2F 1-2: Strikes out looking
|
|
Batting: LHB Justin Moore
|
0-0: Foul Ball, location: 2F 0-1: Ball 1-1: Ball 2-1: Ground out U3 (Groundball, 3, EV 106.2 MPH)
|
|
Pitching: RHP Nate Souza
|
|
|
Batting: RHB Mike Pitts
|
0-0: Called Strike 0-1: Swinging Strike 0-2: Strikes out swinging
|
| Top of the 6th over - 0 runs, 0 hits, 0 errors, 0 left on base; Southern Maryland 11 - Canton 1 |
| BOTTOM OF THE 6TH |
|
Canton Indians batting - Pitching for Southern Maryland Blue Crabs : LHP Jason Williams
|
|
Batting: LHB Costodio Varino
|
0-0: Called Strike 0-1: Ball 1-1: Called Strike 1-2: Strikes out looking
|
|
Batting: LHB Dave Key
|
0-0: Ball 1-0: Swinging Strike 1-1: Ball 2-1: Called Strike 2-2: Ball 3-2: Strikes out swinging, 2-3 out at first.
|
|
Batting: RHB Kevin Trull
|
0-0: SINGLE (Groundball, 56D, EV 102.5 MPH)
|
|
Batting: RHB Eric Kuck
|
0-0: Ball 1-0: Ball 2-0: Foul Ball, location: 2F 2-1: Called Strike 2-2: Foul Ball, location: 2F 2-2: Foul Ball, location: 2F 2-2: Foul Ball, location: 2F 2-2: Foul Ball, location: 2F 2-2: Foul Ball, location: 2F 2-2: Ball 3-2: Foul Ball, location: 2F 3-2: Foul Ball, location: 2F 3-2: Fly out, F7 (Flyball, 7S, EV 86.9 MPH)
|
| Bottom of the 6th over - 0 runs, 1 hit, 0 errors, 1 left on base; Southern Maryland 11 - Canton 1 |
| TOP OF THE 7TH |
|
Southern Maryland Blue Crabs batting - Pitching for Canton Indians : RHP Nate Souza
|
|
Batting: RHB Ismael Macedo
|
0-0: Ball 1-0: Ball 2-0: Called Strike 2-1: Foul Ball, location: 2F 2-2: SOLO HOME RUN (Flyball, 78XD, EV 111.2 MPH), Distance : 420 ft
|
|
Batting: RHB Ray Sims
|
0-0: Ball 1-0: Foul Ball, location: 2F 1-1: Foul Ball, location: 2F 1-2: Foul Ball, location: 2F 1-2: Foul Ball, location: 2F 1-2: Foul Ball, location: 2F 1-2: Foul Ball, location: 2F 1-2: Ball 2-2: SINGLE (Groundball, 4D, EV 98.1 MPH)
|
|
Batting: RHB Matt Berrier
|
0-0: Ball 1-0: DOUBLE (Flyball, 78D, EV 110.0 MPH) Ray Sims to third Runner from 3rd tries for Home, SAFE, no throw by LF
|
|
Pitching: RHP John Bianconi
|
|
|
Pinch Hitting: LHB Ralph Braine
|
0-0: Foul Ball, location: 2F 0-1: Hit by Pitch
|
|
Batting: RHB Danny Baeza
|
0-0: Fly out, F9 (Flyball, 89M, EV 89.4 MPH)
|
|
Batting: RHB Ben Sutton
|
0-0: Ball 1-0: Called Strike 1-1: Foul Ball, location: 2F 1-2: Ball 2-2: Fly out, F7 (Line Drive, 7D, EV 98.1 MPH)
|
|
Batting: RHB Daniel Jackson
|
0-0: Ball Wild Pitch! Matt Berrier to third Ralph Braine to second 1-0: Called Strike 1-1: Ball 2-1: Ball 3-1: Swinging Strike 3-2: Strikes out swinging
|
| Top of the 7th over - 2 runs, 3 hits, 0 errors, 2 left on base; Southern Maryland 13 - Canton 1 |
| BOTTOM OF THE 7TH |
|
Canton Indians batting - Pitching for Southern Maryland Blue Crabs : LHP Jason Williams
|
|
Now in CF: Ralph Braine
|
|
|
Batting: RHB Ricky Butts
|
0-0: Ball 1-0: Ball 2-0: Called Strike 2-1: Swinging Strike 2-2: Fly out, F3 (Popup, 3SF, EV 78.8 MPH)
|
|
Batting: RHB Steve Gusman
|
0-0: Called Strike 0-1: Ball 1-1: Foul Ball, location: 2F 1-2: Strikes out swinging
|
|
Batting: LHB Justin Eargle
|
0-0: Ground out 5-3 (Groundball, 56, EV 96.2 MPH)
|
| Bottom of the 7th over - 0 runs, 0 hits, 0 errors, 0 left on base; Southern Maryland 13 - Canton 1 |
| TOP OF THE 8TH |
|
Southern Maryland Blue Crabs batting - Pitching for Canton Indians : RHP John Bianconi
|
|
Pinch Hitting: RHB Dan Thomey
|
0-0: Ball 1-0: Swinging Strike 1-1: Called Strike 1-2: Ball 2-2: Strikes out looking
|
|
Pitching: RHP Rich Walker
|
|
|
Batting: RHB Mike Pitts
|
0-0: Ball 1-0: Ball 2-0: Called Strike 2-1: Called Strike 2-2: SINGLE (Groundball, 4D, EV 102.5 MPH)
|
|
Batting: RHB Ismael Macedo
|
0-0: Called Strike 0-1: Ball 1-1: Called Strike 1-2: Foul Ball, location: 2F 1-2: Ball 2-2: Ball 3-2: Base on Balls Mike Pitts to second
|
|
Batting: RHB Ray Sims
|
0-0: Ball 1-0: Foul Ball, location: 2F 1-1: Ball Balk! Mike Pitts to third Ismael Macedo to second 2-1: SINGLE (Groundball, 4M, EV 110.0 MPH) (infield hit) Mike Pitts scores Ismael Macedo to third
|
|
Batting: RHB Matt Berrier
|
0-0: Swinging Strike 0-1: Ball 1-1: Ball 2-1: Swinging Strike 2-2: Ball 3-2: Base on Balls Ray Sims to second
|
|
Pitching: LHP Shane Montalvo
|
|
|
Batting: LHB Ralph Braine
|
0-0: Called Strike 0-1: Ball 1-1: Ball 2-1: Foul Ball, location: 2F 2-2: Grounds into fielders choice 1-2 (Groundball, 34S, EV 66.2 MPH) Ray Sims to third Matt Berrier to second
|
|
Batting: RHB Danny Baeza
|
0-0: Called Strike 0-1: Foul Ball, location: 2F 0-2: Hit by Pitch Ray Sims scores Matt Berrier to third Ralph Braine to second
|
|
Batting: RHB Ben Sutton
|
0-0: Ball 1-0: Called Strike 1-1: Ball 2-1: Ball 3-1: Base on Balls Matt Berrier scores Ralph Braine to third Danny Baeza to second
|
|
Batting: RHB Daniel Jackson
|
0-0: Ball 1-0: Called Strike 1-1: Ball Wild Pitch! Ralph Braine scores Danny Baeza to third Ben Sutton to second 2-1: Foul Ball, location: 2F 2-2: Fly out, F8 (Line Drive, 8LD, EV 86.9 MPH)
|
| Top of the 8th over - 4 runs, 2 hits, 0 errors, 2 left on base; Southern Maryland 17 - Canton 1 |
| BOTTOM OF THE 8TH |
|
Canton Indians batting - Pitching for Southern Maryland Blue Crabs : LHP Jason Williams
|
|
Now at 1B: Dan Thomey
|
|
|
Batting: RHB Luke Burnham
|
0-0: Ball 1-0: Ball 2-0: Called Strike 2-1: Swinging Strike 2-2: Ball 3-2: Fly out, F7 (Flyball, 78D, EV 102.5 MPH)
|
|
Batting: RHB Jason Roberts
|
0-0: Swinging Strike 0-1: Called Strike 0-2: Ball 1-2: Ball 2-2: Foul Ball, location: 2F 2-2: Foul Ball, location: 2F 2-2: Ball 3-2: Base on Balls
|
|
Batting: LHB Costodio Varino
|
0-0: Ball 1-0: Swinging Strike 1-1: Called Strike 1-2: Hit by Pitch Jason Roberts to second
|
|
Batting: LHB Dave Key
|
0-0: Swinging Strike 0-1: Ball 1-1: Ball 2-1: Swinging Strike 2-2: Strikes out swinging
|
|
Pitching: RHP Marco Benavente
|
|
|
Batting: RHB Kevin Trull
|
0-0: Ball 1-0: Called Strike 1-1: Foul Ball, location: 2F 1-2: Strikes out looking
|
| Bottom of the 8th over - 0 runs, 0 hits, 0 errors, 2 left on base; Southern Maryland 17 - Canton 1 |
| TOP OF THE 9TH |
|
Southern Maryland Blue Crabs batting - Pitching for Canton Indians : LHP Shane Montalvo
|
|
Pitching: RHP Kenzo Shinoda
|
|
|
Batting: RHB Dan Thomey
|
0-0: SINGLE (Groundball, 6MD, EV 96.9 MPH)
|
|
Batting: RHB Mike Pitts
|
0-0: Foul Ball, location: 2F 0-1: Ball 1-1: 2-RUN HOME RUN (Flyball, 78XD, EV 106.2 MPH), Distance : 418 ft
|
|
Batting: RHB Ismael Macedo
|
0-0: Ball 1-0: Ball 2-0: Ball 3-0: Base on Balls
|
|
Pinch Hitting: RHB Marquis Major
|
0-0: Ball 1-0: Ball 2-0: Foul Ball, location: 2F 2-1: Fly out, F4 (Line Drive, 4, EV 63.8 MPH)
|
|
Batting: RHB Matt Berrier
|
0-0: Ball 1-0: Foul Ball, location: 2F 1-1: Ball 2-1: Ball 3-1: Foul Ball, location: 2F 3-2: Foul Ball, location: 2F 3-2: SINGLE (Line Drive, 7LS, EV 103.1 MPH) Ismael Macedo to second
|
|
Pitching: RHP Carlos Abrego
|
|
|
Batting: LHB Ralph Braine
|
0-0: Ball 1-0: Swinging Strike 1-1: Swinging Strike 1-2: Strikes out swinging
|
|
Batting: RHB Danny Baeza
|
0-0: Ball 1-0: Ball 2-0: Ball 3-0: Called Strike 3-1: Base on Balls Ismael Macedo to third Matt Berrier to second
|
|
Batting: RHB Ben Sutton
|
0-0: Ball 1-0: Called Strike 1-1: Foul Ball, location: 2F 1-2: Foul Ball, location: 2F 1-2: Strikes out swinging
|
| Top of the 9th over - 2 runs, 3 hits, 0 errors, 3 left on base; Southern Maryland 19 - Canton 1 |
| BOTTOM OF THE 9TH |
|
Canton Indians batting - Pitching for Southern Maryland Blue Crabs : RHP Marco Benavente
|
|
Now at C: Marquis Major
|
|
|
Batting: RHB Eric Kuck
|
0-0: Called Strike 0-1: Ball 1-1: Swinging Strike 1-2: Foul Ball, location: 2F 1-2: Ball 2-2: Strikes out swinging
|
|
Batting: RHB Ricky Butts
|
0-0: Ball 1-0: Called Strike 1-1: Ball 2-1: Foul Ball, location: 2F 2-2: Foul Ball, location: 2F 2-2: Strikes out looking
|
|
Batting: RHB Steve Gusman
|
0-0: Swinging Strike 0-1: Swinging Strike 0-2: Ball 1-2: Foul Ball, location: 2F 1-2: Ball 2-2: Foul Ball, location: 2F 2-2: Foul Ball, location: 2F 2-2: Foul Ball, location: 2F 2-2: Strikes out swinging
|
| Bottom of the 9th over - 0 runs, 0 hits, 0 errors, 0 left on base; Southern Maryland 19 - Canton 1 |
|